 Dungeon Crawl Stone Soup version 0.20.1-1-g8b1a95d (webtiles) character file.

16389 equalderp2856 the Cleaver (level 12, 0/107 HPs)
             Began as a Minotaur Fighter on Aug 16, 2017.
             Killed from afar by a hell hound (15 damage)
             ... with a blast of flame
             ... led by Azrael
             ... on level 12 of the Dungeon on Aug 17, 2017.
             The game lasted 00:26:29 (15049 turns).

equalderp2856 the Cleaver (Minotaur Fighter)       Turns: 15049, Time: 00:26:29

Health: 0/107      AC: 16    Str: 21    XL:     12   Next: 9%
Magic:  11/11      EV:  7    Int:  7    God:
Gold:   538        SH: 12    Dex: 13    Spells: 11/11 levels left

rFire    . . .     SeeInvis .   a - +0 war axe
rCold    . . .     Gourm    .   c - +0 shield
rNeg     . . .     Faith    .   M - +0 plate armour
rPois    .         Spirit   .   (helmet restricted)
rElec    .         Reflect  .   (no cloak)
rCorr    .         Harm     .   (no gloves)
MR       .....                  T - +0 pair of boots
Stlth    ..........             (no amulet)
Regen    0.3/turn               (no ring)
MPRegen  0.2/turn               (no ring)

@: no status effects
A: retaliatory headbutt, horns 2
a: no special abilities


You were on level 12 of the Dungeon.
You were very hungry.

You visited 2 branches of the dungeon, and saw 13 of its levels.
You also visited: Sewer and Ossuary.

You collected 538 gold pieces.

Inventory:

Hand Weapons
 a - a +0 war axe (weapon)
 A - a +1 spear of freezing
 B - a +0 trident
 Q - a +1 dagger of speed
 U - a +0 battleaxe
 Z - a +1 dagger of venom
Missiles
 u - 47 poisoned needles
 w - 187 stones (quivered)
 N - 5 large rocks
 P - 15 sling bullets
 Y - 17 bolts
Armour
 b - a +0 scale mail
 c - a +0 shield (worn)
 v - a +0 chain mail of magic resistance
 x - a +0 robe
 y - a +2 robe of magic resistance
 M - a +0 plate armour (worn)
 O - a +0 pair of boots
 T - a +0 pair of boots (worn)
 X - a +0 leather armour of fire resistance
Jewellery
 j - an uncursed ring of flight {unknown}
 R - the amulet "Funacs" {Harm *Drain rF+}
   (You found it on level 6 of the Dungeon)

   [amulet of harm]

   It increases damage dealt and taken.
   It protects you from fire.
   It causes draining when unequipped.
 S - a +5 ring of intelligence {unknown}
Wands
 L - a wand of flame (14/48)
Scrolls
 e - 2 scrolls of amnesia {unknown}
 h - 2 scrolls of blinking {unknown}
 k - 5 scrolls of identify
 l - 3 scrolls of fear {unknown}
 n - 5 scrolls of teleportation
 p - a scroll of magic mapping {unknown}
 q - 3 scrolls of enchant armour {unknown}
 s - 7 scrolls of remove curse {unknown}
 t - 3 scrolls of fog {unknown}
 D - a scroll of noise {unknown}
 K - a scroll of enchant weapon {unknown}
 V - a scroll of random uselessness {unknown}
Potions
 d - 2 potions of might
 o - 2 potions of flight
 r - 2 potions of curing
 z - a potion of cancellation {unknown}
 C - 3 potions of lignification {unknown}
 E - a potion of berserk rage {unknown}
 G - 3 potions of degeneration {unknown}
 H - a potion of magic {unknown}
 I - 3 potions of haste {unknown}
 J - a potion of agility {unknown}
 W - a potion of mutation {unknown}
Miscellaneous
 F - 2 sacks of spiders
Comestibles
 f - 7 bread rations
 g - 2 fruits
 i - 8 royal jellies
 m - 6 meat rations


   Skills:
 + Level 10.3 Fighting
 + Level 14.4 Axes
 + Level 11.7 Armour
 + Level 3.4 Dodging
 + Level 1.2 Stealth
 + Level 10.7 Shields
 + Level 0.1 Evocations


You had 11 spell levels left.
You didn't know any spells.

Dungeon Overview and Level Annotations

Branches:
Dungeon (12/15)            Temple (0/1) D:6            Lair (1/6) D:11
    Orc (0/2) D:10

Altars:
Ashenzari
Cheibriados
Dithmenos
Elyvilon
Gozag
Kikubaaqudgha
Nemelex Xobeh
Okawaru
Trog
Xom
Yredelemnul

Shops:
D:11 }

Annotations:
D:12 Azrael


Innate Abilities, Weirdness & Mutations

You reflexively headbutt those who attack you in melee.
You have a pair of horns on your head.


Message History

The steam dragon is almost dead.
You block the steam dragon's attack. x2
A hell hound comes into view.
You slash the steam dragon!
You kill the steam dragon!
The steam dragon scales are intact enough to wear.
The hell hound breathes flames at you. The blast of flame hits you!
* * * LOW HITPOINT WARNING * * *
The cyan ugly thing tentacle-slaps you.
* * * LOW HITPOINT WARNING * * *
The cyan ugly thing shocks you!
* * * LOW HITPOINT WARNING * * *
You block the cyan ugly thing's attack.
Found a stone staircase leading up.
Found a scroll of identify.
Found a stone staircase leading down.
A scorpion comes into view.
The hell hound breathes flames at you. The blast of flame hits you!
You die...

......? .s#.
.......###h#.
#............
#.....#...§h. #
.........# E.######..
..<......# #§h.%!..#
)........###.E.....#
.......@.u###<[....#
....>...#..##§....[#
##########hEh§.......
#####....... .......
.....#. .....# ######


You could see a cyan ugly thing, a fire elemental, 3 hell hounds and a scorpion.

Vanquished Creatures
  Erica (D:8)
  5 two-headed ogres
  An ugly thing (D:11)
  Psyche (D:8)
  The ghost of Artagas the Archer, a novice CeHu (D:6)
  2 spiny frogs (Lair:1)
  A komodo dragon (D:10)
  A troll (D:10)
  Grinder (D:3)
  3 hippogriffs
  A wraith (D:7)
  3 hogs (D:9)
  A wyvern (D:10)
  6 yaks
  A steam dragon (D:12)
  2 humans
  4 vampire mosquitoes (Lair:1)
  3 hungry ghosts
  The ghost of Frank the Sneak, an amateur OpMo (D:3)
  Menkaure (D:5)
  An insubstantial wisp (Lair:1)
  2 wargs (D:10)
  2 black bears
  4 ice beasts
  Purgy (Sewer)
  7 orc warriors
  5 sky beasts
  7 ogres
  3 phantoms
  5 centaurs
  9 bullfrogs
  An elf zombie (Ossuary)
  A big kobold (D:11)
  6 killer bees
  2 howler monkeys (D:4)
  2 crimson imps
  2 bullfrog zombies
  2 jellies (D:8)
  5 centaur zombies
  2 human zombies (Ossuary)
  Crazy Yiuf (D:7)
  A gnoll shaman (D:6)
  5 hounds
  8 orc priests
  20 orc wizards
  A centaur skeleton (D:11)
  4 iguanas
  Jessica (D:2)
  Natasha (thrice) (D:4)
  8 worker ants
  2 big kobold zombies (Ossuary)
  2 mummies (Ossuary)
  A hound skeleton (D:4)
  4 gnolls
  A worker ant zombie (D:10)
  18 adders
  6 shadow imps
  3 oozes
  An adder zombie (D:3)
  An adder skeleton (D:4)
  A worm (D:2)
  2 dart slugs (D:4)
  6 leopard geckos
  45 orcs
  2 ball pythons
  11 giant cockroaches
  A gnoll zombie (D:4)
  5 hobgoblins
  11 jackals
  12 kobolds
  10 quokkas
  13 bats
  3 frilled lizards
  8 goblins
  A goblin zombie (Ossuary)
  13 hobgoblin zombies (Ossuary)
  A jackal zombie (Ossuary)
  10 kobold zombies (Ossuary)
  4 orc zombies (Ossuary)
  7 rats
366 creatures vanquished.

Notes
Turn   | Place    | Note
-------+----------+-------------------------------------------
     0 | D:1      | equalderp2856 the Minotaur Fighter began the quest for the Orb.
     0 | D:1      | Reached XP level 1. HP: 19/19 MP: 0/0
   315 | D:1      | Reached XP level 2. HP: 27/27 MP: 1/1
   714 | D:2      | Reached XP level 3. HP: 26/33 MP: 2/2
   718 | D:2      | Reached skill level 3 in Axes
   901 | D:2      | Found an opulent altar of Gozag.
  1056 | D:2      | Noticed Jessica
  1061 | D:2      | Killed Jessica
  1061 | D:2      | Reached XP level 4. HP: 40/40 MP: 3/3
  1296 | D:3      | Noticed Grinder
  1320 | D:2      | Reached skill level 4 in Axes
  1335 | D:3      | Noticed Frank's ghost (amateur OpMo)
  1465 | D:3      | Killed Frank's ghost
  1465 | D:3      | Reached skill level 5 in Axes
  1465 | D:3      | Reached XP level 5. HP: 25/47 MP: 4/4
  1653 | D:3      | Paralysed by Grinder for 6 turns
  1663 | D:3      | Paralysed by Grinder for 4 turns
  1668 | D:3      | Killed Grinder
  1668 | D:3      | Reached skill level 5 in Armour
  1668 | D:3      | Reached skill level 1 in Dodging
  1668 | D:3      | Reached XP level 6. HP: 17/55 MP: 5/5
  1976 | D:3      | Found a shimmering altar of Xom.
  1978 | D:3      | Found a snail-covered altar of Cheibriados.
  1994 | D:3      | Found a basalt altar of Yredelemnul.
  2028 | D:3      | Found an ancient bone altar of Kikubaaqudgha.
  3101 | D:4      | Reached skill level 5 in Shields
  3101 | D:4      | Reached XP level 7. HP: 57/60 MP: 6/6
  3134 | D:4      | Found a sand-covered staircase.
  3141 | D:4      | Reached skill level 6 in Axes
  3142 | D:4      | Reached skill level 5 in Fighting
  3154 | Ossuary  | Entered an ossuary
  3383 | Ossuary  | Reached skill level 7 in Axes
  3445 | D:4      | Reached XP level 8. HP: 43/69 MP: 7/7
  3450 | D:4      | Found a glowing drain.
  3460 | Sewer    | Entered a sewer
  3625 | Sewer    | Noticed Purgy
  3636 | Sewer    | Killed Purgy
  4187 | D:4      | Noticed Natasha
  4193 | D:4      | Killed Natasha
  4193 | D:4      | Reached skill level 8 in Axes
  4308 | D:4      | Noticed Natasha
  4312 | D:4      | Killed Natasha
  4516 | D:4      | Noticed Natasha
  4526 | D:4      | Killed Natasha
  4669 | D:5      | Entered Level 5 of the Dungeon
  5061 | D:5      | Noticed Menkaure
  5062 | D:5      | Found a shadowy altar of Dithmenos.
  5062 | D:5      | Found a sparkling altar of Nemelex Xobeh.
  5062 | D:5      | Found a white marble altar of Elyvilon.
  5062 | D:5      | Found a bloodstained altar of Trog.
  5067 | D:5      | Killed Menkaure
  5072 | D:5      | Found an iron altar of Okawaru.
  5077 | D:5      | Found a shattered altar of Ashenzari.
  5482 | D:6      | Reached skill level 9 in Axes
  5493 | D:6      | Got a pitted brass amulet
  5496 | D:6      | Identified the amulet "Funacs" {Harm *Drain rF+} (You found it on level 6 of the Dungeon)
  5527 | D:5      | Reached XP level 9. HP: 36/78 MP: 8/8
  5774 | D:6      | Found a staircase to the Ecumenical Temple.
  5917 | D:6      | Reached skill level 10 in Axes
  6129 | D:6      | Noticed Artagas's ghost (novice CeHu)
  6142 | D:6      | Killed Artagas's ghost
  6935 | D:7      | Reached skill level 1 in Stealth
  6978 | D:7      | Reached skill level 11 in Axes
  7307 | D:7      | Reached XP level 10. HP: 82/88 MP: 9/9
  7386 | D:7      | Found a runed door.
  8136 | D:7      | Noticed Crazy Yiuf
  8141 | D:7      | Killed Crazy Yiuf
  8193 | D:8      | Noticed Erica
  8220 | D:8      | Killed Erica
  8834 | D:8      | Noticed a two-headed ogre
  8842 | D:8      | Killed a two-headed ogre
  8864 | D:8      | Reached skill level 12 in Axes
  8995 | D:8      | Reached skill level 10 in Armour
  9016 | D:8      | Noticed Psyche
  9026 | D:8      | Killed Psyche
  9129 | D:8      | Noticed a two-headed ogre
  9139 | D:8      | Killed a two-headed ogre
  9572 | D:9      | Noticed a two-headed ogre
  9701 | D:8      | Killed a two-headed ogre
  9701 | D:8      | Reached XP level 11. HP: 32/97 MP: 10/10
 10328 | D:9      | You fall through a shaft!
 10328 | D:10     | Entered Level 10 of the Dungeon
 10422 | D:10     | Noticed a two-headed ogre
 11303 | D:9      | Reached skill level 13 in Axes
 11701 | D:10     | Reached skill level 10 in Shields
 11791 | D:10     | Found a staircase to the Orcish Mines.
 11851 | D:10     | Killed a two-headed ogre
 12321 | D:10     | Reached skill level 10 in Fighting
 13089 | D:11     | Reached skill level 14 in Axes
 13550 | D:11     | Noticed a two-headed ogre
 13555 | D:11     | Killed a two-headed ogre
 13587 | D:11     | Found Wiloin's Gadget Shoppe.
 13610 | D:11     | Found a staircase to the Lair.
 13903 | D:11     | Noticed a cyan ugly thing
 13920 | D:11     | Killed a cyan ugly thing
 13987 | Lair:1   | Entered Level 1 of the Lair of Beasts
 14336 | Lair:1   | Reached XP level 12. HP: 56/106 MP: 11/11
 15040 | D:12     | Noticed Azrael
 15049 | D:12     | Killed from afar by a hell hound

Skill      XL: |  1  2  3  4  5  6  7  8  9 10 11 |
---------------+----------------------------------+-----
Fighting       | 4 5 6 7 9 10 | 10.3
Shields        | 4 5 7 8 9 10 | 10.7
Armour         | 4 5 6 7 8 10 11 | 11.7
Axes           | 3 5 7 9 11 12 14 | 14.4
Dodging        | 1 2 3 |  3.4
Stealth        | 1 |  1.2
Evocations     | |  0.1

Action                   |  1- 3 |  4- 6 |  7- 9 | 10-12 || total
-------------------------+-------+-------+-------+-------++-------
Melee: War axe           |    79 |   105 |   456 |   625 ||  1265
       Headbutt          |     9 |    15 |    92 |   128 ||   244
Evoke: Wand              |       |       |     1 |     4 ||     5
  Use: Potion            |       |     2 |       |     3 ||     5
       Scroll            |       |       |     2 |       ||     2
  Eat: Chunk             |       |     7 |    14 |    21 ||    42
       Fruit             |       |       |       |     5 ||     5
       Bread ration      |       |       |       |     1 ||     1
Armor: Scale mail        |    50 |    62 |    74 |       ||   186
       Plate armour      |       |       |   124 |   260 ||   384
Dodge: Dodged            |    44 |    41 |   127 |   120 ||   332
Block: Shield            |    49 |    77 |   222 |   329 ||   677
